 Dungeon Crawl Stone Soup version 0.30-a0-358-g0d69a1922f (webtiles) character file.

Game seed: 3328677187859437738

262 qeuew the Poker (level 6, -3/48 HPs)
             Began as a Merfolk Gladiator on Nov 9, 2022.
             Succumbed to a hornet's poison
             ... on level 4 of the Dungeon.
             The game lasted 00:03:35 (2682 turns).

qeuew the Poker (Merfolk Gladiator)                 Turns: 2682, Time: 00:03:35

Health: -3/48      AC:  8    Str: 16    XL:     6   Next: 18%
Magic:  6/6        EV: 13    Int:  8    God:
Gold:   183        SH:  5    Dex: 15    Spells: 5/5 levels left

rFire   + . .      SeeInvis .    a - +1 trident (freeze)
rCold   . . .      Faith    .    (no shield)
rNeg    . . .      Spirit   .    i - +0 ring mail
rPois   .          Reflect  +    c - +0 helmet
rElec   .          Harm     .    (no cloak)
rCorr   +          Rampage  .    (no gloves)
Will    .....                    l - +1 pair of boots
Stlth   +.........               m - amulet of reflection
HPRegen 0.28/turn                k - ring of resist corrosion
MPRegen 0.10/turn                u - ring of protection from fire

@: lethally poisoned (-3 -> -19)
A: (nimble swimmer 2), mertail
a: no special abilities


You were on level 4 of the Dungeon.
You visited 1 branch of the dungeon, and saw 4 of its levels.

You collected 183 gold pieces.

Inventory:

Hand Weapons
 a - a +1 trident of freezing (weapon)
Missiles
 e - a javelin (quivered)
Armour
 c - a +0 helmet (worn)
 i - a +0 ring mail (worn)
 l - a +1 pair of boots (worn)
Jewellery
 k - a ring of resist corrosion (left hand)
 m - an amulet of reflection (around neck)
 u - a ring of protection from fire (right hand)
Scrolls
 b - a scroll of enchant armour
 f - a scroll of teleportation
 n - a scroll of identify
 p - a scroll of brand weapon
Potions
 g - a potion of lignification {unknown}
 h - a potion of heal wounds
 j - a potion of curing
 o - a potion of flight


   Skills:
 + Level 3.6 Fighting
 + Level 5.4 Polearms
 + Level 3.2 Throwing
 + Level 1.7 Armour
 + Level 5.2 Dodging


You had 5 spell levels left.
You didn't know any spells.
Your spell library was empty.

Dungeon Overview and Level Annotations

Branches:
Dungeon (4/15)
 Temple: D:4-7

Altars:
Gozag
Trog

Shops:
D:1 :   D:3 [[?[

Annotations:
D:4 1 runed translucent door, DeathPants's ghost, amateur MiFi


Innate Abilities, Weirdness & Mutations

((You are very nimble when in or above water. (Stealth+, EV+, Speed+++)))
Your lower body shifts to a powerful aquatic tail in water.


Message History

The hornet stings you but does no damage.
You block the hornet's attack.
Throw: 3 throwing nets
Press: ? - help, Q - select action, (/) - cycle Shift-Dir - straight line, f - hornet
Aim: a hornet (moderately wounded, 46% to hit)
You throw a throwing net.
The throwing net barely misses the hornet.
The hornet stings you.
You are poisoned.
You feel as though you will be slow longer.
The hornet closely misses you.
Throw: 2 throwing nets
Press: ? - help, Q - select action, (/) - cycle Shift-Dir - straight line, f/p - hornet
Aim: a hornet (moderately wounded, 46% to hit)
You throw a throwing net. The throwing net misses the hornet.
You feel very sick. The hornet misses you. The hornet closely misses you.
Throw: throwing net
Press: ? - help, Q - select action, (/) - cycle Shift-Dir - straight line, f/p - hornet
Aim: a hornet (moderately wounded, 46% to hit)
You throw a throwing net. The throwing net hits the hornet.
The hornet is caught in the net!
The hornet is moderately wounded.
You feel sick.
The hornet struggles against the net. x2
You catch the helpless hornet completely off-guard!
You puncture the hornet! You freeze the hornet.
The hornet is severely wounded.
You feel yourself speed up.
You feel sick.
The hornet struggles against the net. x2
The net rips apart, and the hornet comes free!
You miss the hornet.
The hornet is severely wounded.
You feel sick. You block the hornet's attack. The hornet stings you!
* * * LOW HITPOINT WARNING * * *
You are more poisoned.
You feel yourself slow down.
You hit the hornet. You freeze the hornet.
The hornet is severely wounded.
You feel yourself speed up.
You die...

#....#....# #.?.#
..........# ###
.....#...## ###.### ...
#...####.....#
######...#........##
#.......#.#........ ..#
#.###...#.#.##.#...
.....#...........##.#...
(.....y@.##.##.####.#...
.........#...#.# #......
.........#...#.# #..#...
.........#8_8#+# #......
.........##### .........
.......... ..........
######..## .........#
#..# .........#
........#


You could see a hornet.

Vanquished Creatures
  A hound (D:4)
  A jelly (D:4)
  Jessica (D:3)
  2 orc wizards (D:3)
  5 adders
  A worm (D:2)
  A dart slug (D:2)
  9 orcs
  5 bats
  8 endoplasms
  A giant cockroach (D:4)
  8 goblins
  5 hobgoblins
  2 quokkas (D:4)
  4 ball pythons (D:2)
  9 frilled lizards
  5 kobolds
  6 rats
74 creatures vanquished.

Notes
Turn   | Place    | Note
-------+----------+-------------------------------------------
     0 | D:1      | qeuew the Merfolk Gladiator began the quest for the Orb.
     0 | D:1      | Reached XP level 1. HP: 16/16 MP: 1/1
   139 | D:1      | Reached XP level 2. HP: 23/23 MP: 2/2
   423 | D:1      | Found Nul Maidd's Book Emporium.
  1156 | D:2      | Reached XP level 3. HP: 28/28 MP: 3/3
  1383 | D:2      | Found a bloodstained altar of Trog.
  1577 | D:2      | Found a faded altar of an unknown god.
  1718 | D:3      | Noticed Jessica
  1724 | D:3      | Killed Jessica
  1725 | D:3      | Reached skill level 1 in Armour
  1725 | D:3      | Reached XP level 4. HP: 35/35 MP: 4/4
  1871 | D:3      | Reached XP level 5. HP: 39/41 MP: 5/5
  1889 | D:3      | Found Teump's Antique Armour Shoppe.
  1968 | D:3      | Found Vyaly's Magic Scroll Shop.
  2055 | D:3      | Reached skill level 5 in Polearms
  2146 | D:3      | Found Siforar's Armour Shoppe.
  2294 | D:3      | Found Ciufadgho's Antique Armour Boutique.
  2356 | D:4      | Reached skill level 5 in Dodging
  2515 | D:4      | Reached XP level 6. HP: 47/47 MP: 6/6
  2573 | D:4      | Found a runed translucent door.
  2575 | D:4      | Noticed DeathPants's ghost (amateur MiFi)
  2642 | D:4      | Found an opulent altar of Gozag.
  2671 | D:4      | Noticed a hornet
  2681 | D:4      | HP: 2/48 [hornet (10)]
  2682 | D:4      | Succumbed to a hornet's poison

Illustrated notes

Levels and vault maps discovered:
D:1:      psy_arrival_basics, layout_basic, serial_shops, nicolae_diamond_shop,
          minmay_misc_feat_tiny, nicolae_kite_square_tiling_tiny, minmay_vboxes
D:2:      layout_rooms, basic_altar, shapermc_ecumenical_altar_mp_vishouse,
          chequers_serial_rivers_small_b
D:3:      layout_rooms, serial_shops, shop, shop, nicolae_square_shop,
          nicolae_shop_advertising_works [nicolae_subvault_shop_adworks],
          uniq_jessica
D:4:      layout_basic, grunt_gozag_breadcrumbs, ebering_ghost_reflecting_pool,
          corexii_checkpoint_b, minmay_misc_feat_enclosed

Skill      XL: |  1  2  3  4  5 |
---------------+----------------+-----
Fighting       | 3 |  3.6
Armour         | 1 |  1.7
Polearms       | 5 |  5.4
Throwing       | 3 |  3.2
Dodging        | 5 |  5.2

Action                   |  1- 3 |  4- 6 || total
-------------------------+-------+-------++-------
Melee: Trident           |   100 |   122 ||   222
       Punch             |     1 |       ||     1
Throw: Throwing net      |       |     3 ||     3
  Use: Scroll            |     8 |     1 ||     9
       Potion            |     5 |       ||     5
 Stab: Sleeping          |     1 |       ||     1
       Held in net/web   |       |     1 ||     1
Armor: Leather armour    |    17 |       ||    17
       Ring mail         |     2 |    37 ||    39
Dodge: Dodged            |    35 |    39 ||    74
Block: Other             |    10 |    17 ||    27

Table legend: (Time is in decaauts)
 A = Elapsed time spent in this place.
 B = Non-inter-level travel time spent in this place.
 C = Inter-level travel time spent in this place.
 D = Time resting spent in this place.
 E = Time spent auto-exploring this place.
 F = Levels seen in this place.
 G = Mean time per level.
                   A        B        C        D        E       F      G
               +--------+--------+--------+--------+--------+-----+--------+
         Total |   2709 |   2629 |     80 |      1 |   2123 |   4 |  677.2 |
       Dungeon |   2709 |   2629 |     80 |      1 |   2123 |   4 |  677.2 |
               +--------+--------+--------+--------+--------+-----+--------+

Top non-repeatable levels by time:
     D:1: 1092 daAuts
     D:3: 712 daAuts
     D:2: 541 daAuts
     D:4: 362 daAuts
